 Dungeon Crawl Stone Soup version 0.30-a0-457-g4b7bca3bfa (webtiles) character file.

Game seed: 15407209621009227477

16 McMuffin the Conjurer (level 2, -1/22 HPs)
             Began as a Demonspawn Reaver on Dec 12, 2022.
             Slain by a hound (2 damage)
             ... on level 2 of the Dungeon.
             The game lasted 00:01:14 (1095 turns).

McMuffin the Conjurer (Demonspawn Reaver)           Turns: 1095, Time: 00:01:15

Health: -1/22      AC:  9    Str: 12    XL:     2   Next: 37%
Magic:  5/5        EV: 11    Int: 14    God:
Gold:   48         SH:  0    Dex: 11    Spells: 4/5 levels left

rFire   . . .      SeeInvis .    a - +0 falchion
rCold   . . .      Faith    .    (no shield)
rNeg    . . .      Spirit   .    b - +0 leather armour
rPois   .          Reflect  .    (no helmet)
rElec   .          Harm     .    (no cloak)
rCorr   .          Rampage  .    (no gloves)
Will    .....                    (no boots)
Stlth   +.........               (no amulet)
HPRegen 0.23/turn                (no ring)
MPRegen 0.09/turn                (no ring)

@: sanguine armoured
A: sanguine armour 1
a: no special abilities


You were on level 2 of the Dungeon.
You visited 1 branch of the dungeon, and saw 2 of its levels.

You collected 48 gold pieces.

Inventory:

Hand Weapons
 a - a +0 falchion (weapon)
Armour
 b - a +0 leather armour (worn)
Scrolls
 e - a scroll of poison {unknown}
Potions
 c - a potion of magic {unknown}
 d - a potion of heal wounds {unknown}


   Skills:
 + Level 2.0 Fighting
 + Level 3.0 Long Blades
 + Level 1.7 Dodging
 + Level 2.1 Spellcasting
 + Level 3.4 Conjurations


You had 4 spell levels left.
You knew the following spells:

 Your Spells              Type           Power      Damage    Failure   Level
a - Kiss of Death         Conj/Necr      24%        2d7       16%         1

Your spell library contained the following spells:

 Spells                   Type           Power      Damage    Failure   Level
 Momentum Strike          Conj/Tloc      12%        3d8       22%         2
 Hailstorm                Conj/Ice       6%         3d4       41%         3


Dungeon Overview and Level Annotations

Branches:
Dungeon (2/15)

Altars:

Shops:
D:1 (


Innate Abilities, Weirdness & Mutations

When seriously injured, your blood forms armour. (AC +6)


Message History

The adder is moderately wounded.
You feel sick. The hound barely misses you. The adder barely misses you.
The hound misses you.
You barely miss the adder.
The adder is moderately wounded.
You feel sick.
You are no longer poisoned.
The adder bites you but does no damage. The hound closely misses you.
The adder bites you.
* * * LOW HITPOINT WARNING * * *
You hit the adder.
The adder is heavily wounded.
The hound bites you but does no damage. The adder barely misses you.
The hound barely misses you.
You completely miss the adder.
The adder is heavily wounded.
The hound barely misses you. The adder bites you but does no damage.
The adder misses you. The hound bites you but does no damage.
You closely miss the adder.
The adder is heavily wounded.
The hound closely misses you. The adder bites you but does no damage.
The hound closely misses you.
You miss the adder.
The adder is heavily wounded.
The adder bites you but does no damage. The hound barely misses you.
The adder bites you but does no damage.
You closely miss the adder.
The adder is heavily wounded.
The hound closely misses you. The adder barely misses you.
The hound closely misses you.
You barely miss the adder.
The adder is heavily wounded.
The hound bites you.
* * * LOW HITPOINT WARNING * * *
The adder barely misses you. The hound closely misses you.
The adder bites you but does no damage.
You closely miss the adder.
The adder is heavily wounded.
The hound bites you.
You die...

#.# #.#
#.# #.#
... #.#
#S# #@#
###h#
#.wS#
#.#.#
......
......###
....#..
###.#.. .
...


You could see a hound, 2 adders and a dart slug.

Vanquished Creatures
  A dart slug (D:1)
  3 endoplasms (D:1)
  A giant cockroach (D:1)
  2 kobolds (D:1)
  A quokka (D:1)
  2 bats (D:1)
  A frilled lizard (D:1)
  A rat (D:1)
12 creatures vanquished.

Notes
Turn   | Place    | Note
-------+----------+-------------------------------------------
     0 | D:1      | McMuffin the Demonspawn Reaver began the quest for the Orb.
     0 | D:1      | Reached XP level 1. HP: 16/16 MP: 3/3
    84 | D:1      | Found Etouckyr's Antique Weapon Shoppe.
   532 | D:1      | Gained mutation: When seriously injured, your blood forms
                  | armour. (AC +6) [demonic ancestry]
   532 | D:1      | Reached XP level 2. HP: 22/22 MP: 5/5
  1094 | D:2      | HP: 1/22 [hound (4)]
  1095 | D:2      | Slain by a hound

Illustrated notes

Levels and vault maps discovered:
D:1:      wander_arrival_desolate, layout_basic, serial_shops, shop
D:2:      minmay_wonky_spiral, layout_basic, dilly_ecumenical_altar_fadedgnrine

Skill      XL: |  1  2 |
---------------+-------+-----
Long Blades    | 3 |  3.0
Fighting       | |  2.0
Dodging        | |  1.7
Spellcasting   | |  2.1
Conjurations   | |  3.4

Action                   || total
-------------------------++-------
Melee: Falchion          ||    56
Armor: Leather armour    ||    28
Dodge: Dodged            ||    47

Table legend: (Time is in decaauts)
 A = Elapsed time spent in this place.
 B = Non-inter-level travel time spent in this place.
 C = Inter-level travel time spent in this place.
 D = Time resting spent in this place.
 E = Time spent auto-exploring this place.
 F = Levels seen in this place.
 G = Mean time per level.
                   A        B        C        D        E       F      G
               +--------+--------+--------+--------+--------+-----+--------+
         Total |   1103 |   1068 |     35 |      0 |    954 |   2 |  551.5 |
       Dungeon |   1103 |   1068 |     35 |      0 |    954 |   2 |  551.5 |
               +--------+--------+--------+--------+--------+-----+--------+

Top non-repeatable levels by time:
     D:1: 1084 daAuts
     D:2: 18 daAuts
